 Dungeon Crawl Stone Soup version 0.27-a0-732-ga892ba84f6 (webtiles) character file.

Game seed: 18277314692379726650

63 dracos369 the Slasher (level 4, 0/35 HPs)
             Began as a Djinni Berserker on Mar 23, 2021.
             Was a Follower of Trog.
             Slain by an orc priest
             ... wielding a +0 flail
              (5 damage)
             ... on level 3 of the Dungeon.
             The game lasted 00:03:09 (1223 turns).

dracos369 the Slasher (Djinni Berserker)            Turns: 1223, Time: 00:03:10

Health: 0/35       AC:  9    Str: 17    XL:     4   Next: 10%
Magic:  0/0        EV: 11    Int:  9    God:    Trog [*.....]
Gold:   52         SH:  0    Dex: 12    Spells: 2/3 levels left

rFire    + + .     SeeInvis .   k - +0 long sword
rCold    x . .     Faith    .   (no shield)
rNeg     . . .     Spirit   .   c - +0 ring mail
rPois    ∞         Reflect  .   (no helmet)
rElec    .         Harm     .   (no cloak)
rCorr    .         Rampage  .   (no gloves)
Will     .....                  (boots unavailable)
Stlth    +.........             (no amulet)
HPRegen  0.11/turn              g - +4 ring of protection
MPRegen  0.00/turn              (no ring)

@: flying
A: fire resistance 2, cold vulnerability 1, float, innate caster, hp casting,
extra vitality 1
a: Renounce Religion, Berserk


You were on level 3 of the Dungeon.
You worshipped Trog.
Trog was aware of your devotion.
You visited 1 branch of the dungeon, and saw 3 of its levels.

You collected 52 gold pieces.

Inventory:

Hand Weapons
 k - a +0 long sword (weapon)
Armour
 b - a +0 animal skin
 c - a +0 ring mail (worn)
Jewellery
 g - a +4 ring of protection (right hand)
Wands
 j - a wand of random effects (16)
Scrolls
 d - a scroll of amnesia {unknown}
 e - a scroll of identify {unknown}
 h - a scroll of fog {unknown}
 i - a scroll of teleportation {unknown}
Potions
 f - a potion of brilliance {unknown}


   Skills:
 - Level 3.1 Fighting
 + Level 4.6 Long Blades
 - Level 2.0 Armour
 - Level 2.2 Dodging


You had 2 spell levels left.
You knew the following spells:

 Your Spells              Type           Power      Damage    Failure   Level
a - Animate Skeleton      Necr           0%         N/A       58%         1
Your spell library was empty.

Dungeon Overview and Level Annotations

Branches:
Dungeon (2/15)

Altars:
Xom


Innate Abilities, Weirdness & Mutations

You are immune to poison.
Your flesh is very heat resistant. (rF++)
You are vulnerable to cold. (rC-)
You float through the air rather than walking.
You learn spells naturally, not from books.
Your magical power is your life essence.
You have superior vitality. (+4 HP)


Message History

a +0 mace; a +0 leather armour An orc and 2 orc priests come into view.
The orc shouts!
The orc priest shouts! x2
An orc comes into view. It is wielding a +0 whip.
The orc priest moves out of view.
The orc shouts!
You hit the orc priest.
The orc priest is moderately wounded.
The orc priest begins to cast a cantrip, but forgets the words!
You slash the orc priest!
The orc priest is almost dead.
The orc priest hits you with a +0 mace.
You slash the orc!
You kill the orc!
Trog accepts your kill.
The orc priest calls down the wrath of Beogh upon you.
Beogh smites you! The orc priest closely misses you.
You riposte.
You barely miss the orc priest.
The orc priest is almost dead.
You see here a +0 falchion.
You hit the orc priest.
You kill the orc priest!
Trog accepts your kill.
The orc suddenly grunts.
You have reached level 4!
You feel clever.
You hit the orc but do no damage. The orc hits you with a +0 whip.
You hit the orc.
The orc is lightly wounded.
The orc hits you but does no damage.
You hit the orc.
You kill the orc!
Trog accepts your kill.
The orc priest mumbles some strange prayers to Beogh against you.
Beogh smites you!
* * * LOW HITPOINT WARNING * * *
You are too injured to fight recklessly!
You are too injured to fight recklessly!
The orc priest hits you with a +0 flail.
You die...

#.# #.#
#.#####...
#.......♣
#.#######
########>.......
#....)†....(..##
#)###########.#
#@# .# #o# #.#
#.# #.# #.. ###


You could see an orc priest.

Vanquished Creatures
  An orc priest (D:3)
  3 orcs (D:3)
  2 ball pythons (D:1)
  5 giant cockroaches (D:1)
  2 goblins (D:1)
  A hobgoblin (D:1)
  4 oozes (D:1)
  4 quokkas
  4 frilled lizards
  2 rats (D:1)
28 creatures vanquished.

Vanquished Creatures (others)
  2 plants (D:3)
2 creatures vanquished.

Grand Total: 30 creatures vanquished

Notes
Turn   | Place    | Note
-------+----------+-------------------------------------------
     0 | D:1      | dracos369 the Djinni Berserker began the quest for the Orb.
     0 | D:1      | Reached XP level 1. HP: 20/20 MP: 0/0
   101 | D:1      | Reached XP level 2. HP: 25/25 MP: 0/0
   737 | D:1      | Reached XP level 3. HP: 23/30 MP: 0/0
   737 | D:1      | Learned a level 1 spell: Animate Skeleton
   966 | D:2      | Found a shimmering altar of Xom.
  1103 | D:2      | You are sucked into a shaft and drop 1 floor!
  1120 | D:3      | Reached skill level 4 in Long Blades
  1220 | D:3      | Reached XP level 4. HP: 22/35 MP: 0/0
  1223 | D:3      | Slain by an orc priest

Illustrated notes

Levels and vault maps discovered:
D:1:      dpeg_arrival_tiny_h, layout_basic
D:2:      layout_basic, xom_butterflies, old_standard_altar,
          nicolae_overflow_hidden_temple, minmay_pentomino_s2, uniq_robin
D:3:      layout_basic, marbit_many_paths, overflow_temple_1_default,
          cheibriados_altar_2, serial_shops, shop_statue, serial_forest,
          infiniplex_forest_straight_5, infiniplex_forest_lined_room_,
          infiniplex_forest_lined_2, infiniplex_forest_split,
          infiniplex_forest_clump_cross, infiniplex_forest_clump_double,
          infiniplex_forest_straight_5, infiniplex_forest_zigzag_1,
          interstate_on_off

Skill      XL: |  1  2  3 |
---------------+----------+-----
Long Blades    | 4 |  4.6
Fighting       | |  3.1
Armour         | |  2.0
Dodging        | |  2.2

Action                   |  1- 3 |  4- 6 || total
-------------------------+-------+-------++-------
Melee: Falchion          |    66 |       ||    66
       Long sword        |    18 |     3 ||    21
Armor: Animal skin       |     2 |       ||     2
       Ring mail         |    24 |     1 ||    25
Dodge: Dodged            |    53 |       ||    53
       Rpst.: Falchion   |    16 |       ||    16
       Long sword        |     3 |       ||     3

Table legend: (Time is in decaauts)
 A = Elapsed time spent in this place.
 B = Non-inter-level travel time spent in this place.
 C = Inter-level travel time spent in this place.
 D = Time resting spent in this place.
 E = Time spent auto-exploring this place.
 F = Levels seen in this place.
 G = Mean time per level.
                   A        B        C        D        E       F      G
               +--------+--------+--------+--------+--------+-----+--------+
         Total |   1233 |   1214 |     19 |      0 |    991 |   3 |  411.0 |
       Dungeon |   1233 |   1214 |     19 |      0 |    991 |   3 |  411.0 |
               +--------+--------+--------+--------+--------+-----+--------+

Top non-repeatable levels by time:
     D:1: 959 daAuts
     D:2: 150 daAuts
     D:3: 123 daAuts
